 Seeded DCSS version 0.30-a0-793-g160f7cfddd (webtiles) character file.

Game seed: 2869265305504195120 (custom seed)

739 timneilson the Shield-Bearer (level 7, -2/44 HPs)
             Began as a Gargoyle Fighter on Feb 19, 2023.
             Was an Initiate of Okawaru.
             Slain by an ogre
             ... wielding a +0 giant spiked club
              (16 damage)
             ... on level 5 of the Dungeon.
             The game lasted 00:10:48 (4107 turns).

timneilson the Shield-Bearer (Gargoyle Fighter)     Turns: 4107, Time: 00:10:49

Health: -2/44      AC: 17    Str: 19    XL:     7   Next: 75%
Magic:  7/7        EV:  8    Int: 16    God:    Okawaru [......]
Gold:   91         SH:  6    Dex: 18    Spells: 6/6 levels left

rFire   . . .      SeeInvis .    p - +1 scimitar
rCold   . . .      Faith    .    c - +0 buckler
rNeg    + . .      Spirit   .    l - +0 chain mail
rPois   ∞          Reflect  .    h - +3 hat of the Camelopard {Int+7 Dex+7 Stlth-}
rElec   +          Harm     .    (no cloak)
rCorr   +          Rampage  .    (no gloves)
Will    .....                    (no boots) Stlth
                                 (no amulet)
HPRegen 0.27/turn                e - ring of resist corrosion
MPRegen 0.10/turn                (no ring)

@: no status effects
A: sickness immunity, AC +4, negative energy resistance 1, electricity
resistance, torment resistance 1, petrification resistance
a: Renounce Religion


You were on level 5 of the Dungeon.
You worshipped Okawaru.
Okawaru was noncommittal.
You visited 2 branches of the dungeon, and saw 6 of its levels.
You also visited: Ossuary.

You collected 195 gold pieces.
You spent 104 gold pieces at shops.

Inventory:

Hand Weapons
 a - a +0 long sword
 p - a +1 scimitar (weapon)
Armour
 c - a +0 buckler (worn)
 h - the +3 hat of the Camelopard (worn) {Int+7 Dex+7 Stlth-}
   (You acquired it on level 2 of the Dungeon)

   Int:       It affects your intelligence (+7).
   Dex:       It affects your dexterity (+7).
   Stlth:     It makes you less stealthy.
 l - a +0 chain mail (worn)
Jewellery
 e - a ring of resist corrosion (left hand)
 i - a ring of fire
Wands
 q - a wand of flame (23)
Scrolls
 k - 2 scrolls of enchant armour
 n - 2 scrolls of identify
 o - 2 scrolls of fear
 w - 2 scrolls of magic mapping
 y - 2 scrolls of enchant weapon
Potions
 b - 3 potions of heal wounds
 d - 2 potions of might
 f - a potion of cancellation
 g - 4 potions of curing
 j - 3 potions of brilliance
 m - 7 potions of mutation
 r - 2 potions of invisibility {unknown}
 v - a potion of ambrosia {unknown}
 x - a potion of lignification {unknown}


   Skills:
 + Level 4.3 Fighting
 * Level 4.0 Long Blades
 * Level 5.4 Armour
 + Level 2.1 Dodging
 * Level 5.5 Shields
 + Level 1.2 Invocations
 + Level 0.9 Evocations


You had 6 spell levels left.
You didn't know any spells.
Your spell library contained the following spells:

 Spells                   Type           Power      Damage    Failure   Level
 Sandblast                Erth           0%         2d4       97%         1
 Passwall                 Tmut/Erth      0%         N/A       99%         2
 Stone Arrow              Conj/Erth      0%         3d7       100%        3


Dungeon Overview and Level Annotations

Branches:
Dungeon (5/15)             Temple (1/1) D:4         Ossuary (visited)

Altars:
Ashenzari
Cheibriados
Elyvilon
Fedhas
Gozag
Hepliaklqana
Kikubaaqudgha
Makhleb
Nemelex Xobeh
Okawaru
Qazlal
Ru
Sif Muna
Trog
Vehumet
Wu Jian
Xom
Yredelemnul
Zin
The Shining One

Shops:
D:3 (((:


Innate Abilities, Weirdness & Mutations

You are immune to sickness and miasma.
Your stone body is resilient. (AC +4)
You are immune to poison.
You resist negative energy. (rN+)
You are resistant to electric shocks. (rElec)
You are resistant to unholy torment.
You are immune to petrification.


Message History

The necrophage hits you but does no damage.
The necrophage attacks as you move away!
You block the necrophage's attack.
You hit the necrophage.
The necrophage is moderately damaged.
The necrophage hits you but does no damage. x2
You hit the necrophage.
The necrophage is heavily damaged.
The necrophage barely misses you.
You closely miss the necrophage.
The necrophage is heavily damaged.
The necrophage closely misses you.
You closely miss the necrophage.
The necrophage is heavily damaged.
The necrophage hits you but does no damage.
You barely miss the necrophage.
The necrophage is heavily damaged.
The necrophage hits you. The necrophage barely misses you.
You hit the necrophage.
The necrophage is heavily damaged.
You block the necrophage's attack.
You hit the necrophage.
The necrophage is heavily damaged.
You block the necrophage's attack.
You hit the necrophage.
The necrophage is severely damaged.
The necrophage hits you.
You slash the necrophage!
You destroy the necrophage!
Okawaru accepts your kill.
Your Long Blades skill increases to level 4!
You see here a necrophage corpse.
An ogre comes into view. It is wielding a +0 giant spiked club.
The ogre shouts!
You closely miss the ogre.
The ogre hits you with a +0 giant spiked club!!
Ouch! That really hurt!
You closely miss the ogre.
The ogre hits you with a +0 giant spiked club!
You die...

##..)........................##.
##.............#..........#.##.
######..###...#.........[#....
##.####.##..........#####
#..###†##..........#
#......)....... ##.##..##......
#.....##...... ##..#.@O......
#..##........ .........(....
.##............ . #.###........
#....###. #....# #....#


You could see an ogre.

Vanquished Creatures
  Pargi (D:2)
  A black bear (D:4)
  A scorpion (D:5)
  A necrophage (D:5)
  A hound (D:4)
  A jelly (D:4)
  A human zombie (Ossuary)
  An orc priest (D:5)
  Natasha (thrice) (D:3)
  An iguana (D:5)
  3 mummies (Ossuary)
  5 adders
  3 gnolls (D:3)
  A white imp (D:5)
  2 worms
  5 dart slugs
  8 orcs
  3 endoplasms (D:3)
  A giant cockroach (D:1)
  8 goblins
  5 hobgoblins
  5 jackals
  4 kobolds
  4 quokkas
  10 ball pythons
  4 bats
  6 frilled lizards
  2 gnoll zombies (Ossuary)
  A goblin zombie (Ossuary)
  A hobgoblin zombie (Ossuary)
  2 kobold zombies (Ossuary)
  An orc zombie (Ossuary)
  8 rats
104 creatures vanquished.

Notes
Turn   | Place    | Note
-------+----------+-------------------------------------------
     0 | D:1      | timneilson the Gargoyle Fighter began the quest for the
                  | Orb.
     0 | D:1      | Reached XP level 1. HP: 14/14 MP: 1/1
   140 | D:1      | Reached XP level 2. HP: 19/19 MP: 2/2
   581 | D:1      | Reached XP level 3. HP: 23/23 MP: 3/3
  1234 | D:2      | Identified the +6 quarterstaff "Daifyann" {elec, +Blink
                  | rPois Dex+2}
  1318 | D:2      | Reached XP level 4. HP: 26/28 MP: 4/4
  1591 | D:2      | Identified a scroll of acquirement
  1591 | D:2      | Acquired the +3 hat of the Camelopard {Int+7 Dex+7 Stlth-}
  1647 | D:3      | Noticed Natasha
  1657 | D:3      | Killed Natasha
  1658 | D:3      | Reached skill level 1 in Dodging
  1722 | D:3      | Noticed Natasha
  1736 | D:3      | Found Wuiraulo's Book Shoppe.
  1765 | D:3      | Killed Natasha
  1766 | D:3      | Reached XP level 5. HP: 8/32 MP: 5/5
  1898 | D:3      | Noticed Pargi
  1922 | D:2      | Killed Pargi
  2038 | D:3      | Found Haokleeh's Weapon Shoppe.
  2075 | D:3      | Found Zyidd's Antique Weapon Emporium.
  2098 | D:3      | Bought a scimitar for 104 gold pieces
  2174 | D:3      | Reached XP level 6. HP: 38/38 MP: 6/6
  2199 | D:3      | Found Ygeghuah's Antique Weapon Boutique.
  2627 | D:3      | Noticed Natasha
  2637 | D:3      | Killed Natasha
  2825 | D:4      | Found a staircase to the Ecumenical Temple.
  2834 | Temple   | Entered the Ecumenical Temple
  2885 | Temple   | Became a worshipper of Warmaster Okawaru
  3101 | D:4      | Noticed a black bear
  3108 | D:4      | Killed a black bear
  3109 | D:4      | Reached skill level 5 in Armour
  3109 | D:4      | Reached skill level 5 in Shields
  3109 | D:4      | Reached XP level 7. HP: 39/43 MP: 7/7
  3231 | D:4      | Found a basalt altar of Yredelemnul.
  3231 | D:4      | Found an opulent altar of Gozag.
  3233 | D:4      | Found a shimmering altar of Xom.
  3570 | D:5      | Entered Level 5 of the Dungeon
  3618 | D:5      | Found a sand-covered staircase.
  3623 | Ossuary  | Entered an ossuary
  3680 | Ossuary  | Reached skill level 1 in Invocations
  4107 | D:5      | Slain by an ogre

Illustrated notes

Levels and vault maps discovered:
D:1:      nagdon_arrival_double_spiral, layout_basic
D:2:      layout_loops_ring, serial_bayou_pond_d, minmay_pentomino_z4
D:3:      layout_loops_ring, serial_shops, shop, shop, shop,
          nicolae_diamond_shop, uniq_natasha, uniq_pargi
D:4:      layout_loops_cross, chequers_temple_overflow_statue_of_worship,
          minmay_temple_entry_drinking_statues, serial_forest,
          infiniplex_forest_clump_double, infiniplex_forest_lined_2,
          infiniplex_forest_lined_2, infiniplex_forest_fountain,
          infiniplex_forest_end_3, infiniplex_forest_clump_medium,
          infiniplex_forest_clump_medium, infiniplex_forest_lined_2,
          uniq_crazy_yiuf_cottage
D:5:      layout_rooms, enter_ossuary_5
Temple:   minmay_crystal_spiral_temple

Skill      XL: |  1  2  3  4  5  6  7 |
---------------+----------------------+-----
Long Blades    | 2 3 4 |  4.0
Shields        | 4 5 |  5.5
Armour         | 4 5 |  5.4
Dodging        | 1 2 |  2.1
Fighting       | 4 |  4.3
Invocations    | 1 |  1.2
Evocations     | |  0.9

Action                     |  1- 3 |  4- 6 |  7- 9 || total
---------------------------+-------+-------+-------++-------
  Melee: Long sword        |   144 |    74 |       ||   218
         Scimitar          |       |    88 |    92 ||   180
    Use: Scroll            |       |    10 |     5 ||    15
         Potion            |       |       |     1 ||     1
 Armour: Scale mail        |    72 |       |       ||    72
         Chain mail        |     7 |   148 |    43 ||   198
  Dodge: Dodged            |    76 |    61 |    22 ||   159
  Block: Buckler           |    39 |    52 |    23 ||   114

Table legend: (Time is in decaauts)
 A = Elapsed time spent in this place.
 B = Non-inter-level travel time spent in this place.
 C = Inter-level travel time spent in this place.
 D = Time resting spent in this place.
 E = Time spent auto-exploring this place.
 F = Levels seen in this place.
 G = Mean time per level.
                   A        B        C        D        E       F      G
               +--------+--------+--------+--------+--------+-----+--------+
         Total |   4249 |   4040 |    209 |    157 |   2655 |   7 |  607.0 |
       Dungeon |   3793 |   3667 |    126 |    126 |   2468 |   5 |  758.6 |
        Temple |    208 |    125 |     83 |      0 |    103 |   1 |  208.0 |
       Ossuary |    247 |    247 |      0 |     31 |     84 |   1 |  247.0 |
               +--------+--------+--------+--------+--------+-----+--------+

Top non-repeatable levels by time:
     D:3: 1141 daAuts
     D:1: 988 daAuts
     D:2: 713 daAuts
     D:4: 639 daAuts
     D:5: 311 daAuts
 Ossuary: 247 daAuts
  Temple: 208 daAuts
